AoeStats
← Blazing Cartesia, The Virtuous

Arabia

510591009Analyzed
1v1 RM · 6h ago on Oct 1, 2026· 59m 9s· 2 players
Game mode
Random Map
Map size
Tiny (2 player)
Population
200
Speed
Normal
Resources
Standard
Victory
Conquest
Starting age
Dark Age
Ending age
Imperial Age
RankedLock teamsTeams togetherTeam positionsShared explorationLock speedFull tech treeHidden civsTurbo modeCheats
Victory
Defeat
1319
+16
🇨🇭 Varangians · Switzerland
1329
-16
Blazing Cartesia, The Virtuous
6:15 Loom
9:05 Feudal Age
9:44 Double-Bit Axe
9:52 Horse Collar
16:10 Fletching
19:43 Wheelbarrow
21:43 Castle Age
20:17 Bloodlines
22:25 Bow Saw
22:16 Heavy Plow
22:30 Scale Barding Armor
24:27 Forging
27:08 Husbandry
29:12 Gold Mining
29:49 Bodkin Arrow
30:47 Wheelbarrow
32:02 Hand Cart
32:48 Thumb Ring
33:21 Ballistics
34:06 Parthian Tactics
34:51 Town Watch
35:07 Stone Mining
39:42 Imperial Age
38:59 Fervor
39:34 Cavalier
41:30 Chemistry
40:40 Masonry
41:04 Chain Barding Armor
41:21 Iron Casting
41:33 Stone Shaft Mining
41:35 Gold Shaft Mining
41:07 Town Patrol
41:25 Savar
44:15 Blast Furnace
44:31 Crop Rotation
44:55 Padded Archer Armor
45:32 Plate Barding Armor
45:33 Murder Holes
46:09 Architecture
46:04 Conscription
47:35 Leather Archer Armor
47:04 Light Cavalry
48:33 Elite War Elephant
49:48 Hoardings
52:54 Kamandaran
53:25 Crossbowman
54:19 Kamandaran
57:50 Citadels
57:44 Hussar
FreshDumbledore
6:17 Loom
8:56 Feudal Age
9:46 Double-Bit Axe
9:45 Horse Collar
16:03 Bloodlines
21:30 Castle Age
20:37 Gold Mining
21:37 Forging
23:16 Bow Saw
24:05 Iron Casting
26:24 Wheelbarrow
30:43 Stone Mining
31:53 Gambesons
32:12 Scale Mail Armor
33:10 Chain Mail Armor
33:21 Elite Skirmisher
34:18 Squires
38:54 Imperial Age
38:26 Husbandry
38:40 Scale Barding Armor
40:45 Chain Barding Armor
42:43 Vendel Legacy
43:12 Cavalier
45:48 Conscription
45:44 Elite Varangian Guard
46:10 Arson
48:08 Two-Man Saw
48:16 Blast Furnace
47:52 Plate Mail Armor
50:35 Pikeman
54:30 Halberdier
55:51 Light Cavalry
Connection lost

Rejoining the realm…

Still unreachable

The connection could not be restored.

Session expired

The server has moved on; the page needs a fresh start.